 Dungeon Crawl Stone Soup version 0.17-a0-2198-g482c6e3 (webtiles) character file.

60 Hanibal the Magician (level 3, 0/19 HPs)
             Began as a Deep Elf Wizard on Oct 26, 2015.
             Succumbed to poison (a potion of poison)
             ... on level 2 of the Dungeon.
             The game lasted 00:04:45 (1641 turns).

Hanibal the Magician (Deep Elf Wizard)              Turns: 1641, Time: 00:04:45

Health: 0/19       AC:  2    Str:  4    XL:     3   Next: 82%
Magic:  8/12       EV: 12    Int: 23    God:
Gold:   90         SH:  0    Dex: 13    Spells: 5 memorised, 2 levels left

rFire  . . .     SeeInvis .     o - +0 spear
rCold  . . .     Clarity  .     a - +0 robe
rNeg   . . .     SustAt   .     (no shield)
rPois  .         Gourm    .     b - +0 hat
rElec  .         Spirit   .     (no cloak)
rCorr  .         Warding  .     (no gloves)
rMut   .         Stasis   .     (no boots)
MR     .....                    (no amulet)
Stlth  +.........               (no ring)
                                (no ring)

@: confused, lethally poisoned (0 -> -14), repel missiles, not resistant to
hostile enchantments, very unstealthy
A: no striking features
a: no special abilities


You were on level 2 of the Dungeon.
You were very hungry.

You visited 1 branch of the dungeon, and saw 3 of its levels.

You collected 90 gold pieces.

Inventory:

Hand Weapons
 o - a +0 spear (weapon)
Armour
 a - a +0 robe (worn)
 b - a +0 hat (worn)
Scrolls
 e - a scroll of noise {unknown}
 f - a scroll of amnesia {unknown}
 h - 4 scrolls of identify {unknown}
 n - a scroll of fear {unknown}
 p - 3 scrolls of magic mapping {unknown}
 q - 3 scrolls of teleportation {unknown}
Potions
 g - a potion of haste {unknown}
 i - a potion of mutation {unknown}
 j - a potion of agility {unknown}
 m - a potion of poison
 t - a potion of heal wounds {unknown}
Books
 c - a book of Minor Magic

   Spells                             Type                      Level
   a - Magic Dart                     Conjuration                  1
   b - Blink                          Translocation                2
   c - Call Imp                       Summoning                    2
   d - Repel Missiles                 Charms/Air                   2
   e - Slow                           Hexes                        2
   f - Conjure Flame                  Conjuration/Fire             3
   g - Mephitic Cloud                 Conjuration/Poison/Air       3
 s - a book of Party Tricks

   Spells                             Type                      Level
   a - Summon Butterflies             Summoning                    1
   b - Apportation                    Translocation                1
   c - Tukima's Dance                 Hexes                        3
   d - Alistair's Intoxication        Transmutation/Poison         4
   e - Invisibility                   Hexes                        6
Comestibles
 d - 6 bread rations
 k - 5 fruits
 l - a meat ration


   Skills:
 - Level 2.4 Dodging
 - Level 2.4 Stealth
 + Level 5.6 Spellcasting
 + Level 2.9 Conjurations
   Level 1.1 Summonings
 - Level 1.1 Translocations


You had 2 spell levels left.
You knew the following spells:

 Your Spells              Type           Power        Failure   Level  Hunger
a - Magic Dart            Conj           ###.         2%          1    None
b - Blink                 Tloc           N/A          10%         2    None
c - Repel Missiles        Chrm/Air       #.....       17%         2    None
d - Conjure Flame         Conj/Fire      ##......     17%         3    #......
e - Mephitic Cloud        Conj/Pois/Air  ##......     21%         3    #......


Dungeon Overview and Level Annotations

Branches:
Dungeon (3/15)

Altars:
Trog
Xom


Message History

The magic dart hits the orc.
The orc is moderately wounded.
The orc closely misses you. The orc wizard hits you with a dagger.
* * * LOW HITPOINT WARNING * * *
The orc wizard hits you with a dagger.
* * * LOW HITPOINT WARNING * * *
You climb upwards.
There is a stone staircase leading down here.
Casting: Magic Dart
Confirm with . or Enter, or press ? or * to list all spells.
You blink.
A hobgoblin comes into view. It is wielding a club.
The hobgoblin shouts!
The orc wizard gestures at you while chanting.
You are confused.
Drink which item? (? for menu, Esc to quit)
It was a potion of poison.
That liquid tasted very nasty...
You are lethally poisoned!
You die...

...##.....##.......#.....########
##.....⌠...'.......#.....########
#####...###......g#.............
#...# #.......#.....########
#.>.# ##.##..######## #...#
#.##.(# #####...####..#..#
#.+...⌠...'......#
##.##.....##....@.#
....##...###..÷...#
.....##.####......#
......#'#..#......#
........)..#.)..o(#
...........+....§.#
#..........#....#.#
#..........######.#
##.........### #.#


You could see an orc wizard and a hobgoblin.

Vanquished Creatures
  An adder (D:2)
  An ooze (D:1)
  2 bats
  A giant cockroach (D:1)
  2 goblins (D:1)
  10 hobgoblins
  2 jackals (D:3)
  5 kobolds
  3 giant geckos
  8 giant newts
  7 rats
42 creatures vanquished.

Notes
Turn   | Place    | Note
--------------------------------------------------------------
     0 | D:1      | Hanibal the Deep Elf Wizard began the quest for the Orb.
     0 | D:1      | Reached XP level 1. HP: 10/10 MP: 7/7
   162 | D:1      | Reached XP level 2. HP: 13/15 MP: 0/9
   283 | D:1      | Reached skill level 5 in Spellcasting
   352 | D:1      | Learned a level 2 spell: Blink
   355 | D:1      | Learned a level 2 spell: Repel Missiles
   728 | D:1      | Reached XP level 3. HP: 19/19 MP: 7/11
   889 | D:2      | Learned a level 3 spell: Conjure Flame
   893 | D:2      | Learned a level 3 spell: Mephitic Cloud
  1152 | D:2      | Found a bloodstained altar of Trog.
  1436 | D:3      | Found a shimmering altar of Xom.
  1641 | D:2      | Succumbed to poison (a potion of poison)

Vault maps used:
D:1:      mushboom_english_gardens, serial_bayou_ford_a, corexii_corridor_pit,
          monster_avoids_cloud
D:2:      first_bread, grunt_ministairs_15, trog_book
D:3:      lemuel_doored_altar, lemuel_round_altar, minmay_crystal_room,
          minmay_misc_feat_square

Action                   || total
-------------------------++-------
Melee: Unarmed           ||     7
 Cast: Magic Dart        ||    96
       Repel Missiles    ||     1
       Conjure Flame     ||     1
       Mephitic Cloud    ||     1
       Blink             ||     1
  Use: Potion            ||     1
  Eat: Chunk             ||     1
